[Event "Titled Tuesday Blitz July 25 Late 2023"]
[White "Kujawski, Adam"]
[Black "Barski, Radoslaw"]
[WhiteFideId "1100920"]
[BlackFideId "1131710"]
[WhiteElo "2323"]
[BlackElo "2503"]
[Result "1-0"]
[Round "2"]
[TimeControl "180+2"]
[Date "2023.07.25"]
[WhiteClock "0:00:32"]
[BlackClock "0:00:01"]
[Board "150"]

1. e4 c6 2. d4 d5 3. f3 Qb6 4. Nc3 dxe4 5. fxe4 e5 6. Nf3 exd4 7. Qxd4 Qxd4 8. Nxd4 Bc5 9. Nf5 g6 10. Be3 Bb4 11. Bd4 f6 12. Ng3 Be6 13. a3 Ba5 14. O-O-O Nd7 15. Bd3 Nh6 16. h4 Ng4 17. h5 O-O-O 18. Nce2 c5 19. b4 cxb4 20. hxg6 hxg6 21. Rxh8 Rxh8 22. Nf4 Bf7 23. axb4 Bxb4 24. Bxa7 Bd6 25. Nge2 g5 26. Nd5 Bxd5 27. exd5 b6 28. Ba6+ Kc7 29. Nd4 Bf4+ 30. Kb1 Ra8 31. Nb5+ Kd8 32. Bb7 Rxa7 33. Nxa7 Ne3 34. Rd3 Nxg2 35. d6 Ne1 36. Nc6+ Ke8 37. Rd1 Nf3 38. Nb4 Nc5 39. Bxf3 Na4 40. d7+ Kd8 41. Nc6+ Kc7 42. d8=Q+ 1-0


[Site "https://www.chess.com"]

[Event "Titled Tuesday Blitz July 25 Late 2023"]
[White "Womacka, Mathias"]
[Black "morozcoma"]
[WhiteFideId "4611390"]
[WhiteElo "2503"]
[BlackElo "2322"]
[Result "1-0"]
[Round "2"]
[TimeControl "180+2"]
[Date "2023.07.25"]
[WhiteClock "0:01:25"]
[BlackClock "0:01:41"]
[Board "151"]

1. e4 e5 2. Nf3 Nc6 3. Bb5 a6 4. Bxc6 dxc6 5. O-O Bd6 6. d4 exd4 7. Qxd4 f6 8. Be3 Qe7 9. Nbd2 Be6 10. Nc4 c5 11. Nxd6+ cxd6 12. Qd3 O-O-O 13. b4 Qc7 14. bxc5 dxc5 15. Qa3 c4 16. Rab1 Qc6 17. Nd4 Qxe4 18. Qc5+ Kb8 19. Nc6+ Qxc6 20. Qxc6 1-0


[Site "https://www.chess.com"]

[Event "Titled Tuesday Blitz July 25 Late 2023"]
[White "Korpics, Zsolt"]
[Black "Kanakaris, Georgios"]
[WhiteFideId "705241"]
[BlackFideId "4209460"]
[WhiteElo "2322"]
[BlackElo "2503"]
[Result "0-1"]
[Round "2"]
[TimeControl "180+2"]
[Date "2023.07.25"]
[WhiteClock "0:00:03"]
[BlackClock "0:00:10"]
[Board "152"]

1. e4 e6 2. d4 d5 3. Bd3 c5 4. Nf3 dxe4 5. Bxe4 Nf6 6. Bd3 Nc6 7. Be3 Nd5 8. c3 Nxe3 9. fxe3 Be7 10. O-O O-O 11. Nbd2 e5 12. Nb3 cxd4 13. exd4 exd4 14. Nbxd4 Nxd4 15. Nxd4 Bf6 16. Kh1 g6 17. Bc4 Be5 18. Nf3 Qxd1 19. Raxd1 Bf6 20. Nd4 Kg7 21. Nb5 Bg4 22. Rd2 a6 23. Nc7 Rac8 24. Nd5 Bg5 25. Rd4 Be6 26. Bb3 Rfd8 27. Rfd1 Rc6 28. Nb4 Rxd4 29. cxd4 Rb6 30. Bxe6 fxe6 31. a3 Bf6 32. d5 exd5 33. Nxd5 Rxb2 34. Nxf6 Kxf6 35. h3 h5 36. Rd3 a5 37. Kh2 b5 38. Kg3 g5 39. Kf3 Ke5 40. g4 h4 41. Ke3 Rh2 42. Rd8 Rxh3+ 43. Kd2 Rxa3 44. Rb8 b4 45. Rg8 Kf4 46. Rc8 Kxg4 47. Rc4+ Kg3 48. Rc1 h3 49. Rg1+ Kh4 50. Rh1 g4 51. Rg1 g3 52. Re1 h2 53. Re4+ Kh3 54. Re1 Ra2+ 55. Kd3 g2 56. Re3+ Kg4 57. Re4+ Kf5 58. Re2 Rxe2 59. Kxe2 g1=Q 60. Kd3 Qg4 61. Kd2 Qf3 62. Kc2 h1=Q 63. Kb2 Qhg2+ 64. Kc1 Qff1# 0-1


[Site "https://www.chess.com"]

[Event "Titled Tuesday Blitz July 25 Late 2023"]
[White "Senthilkumar, Pranav"]
[Black "jero888"]
[WhiteFideId "2083477"]
[WhiteElo "2503"]
[BlackElo "2319"]
[Result "1-0"]
[Round "2"]
[TimeControl "180+2"]
[Date "2023.07.25"]
[WhiteClock "0:02:31"]
[BlackClock "0:00:43"]
[Board "153"]

1. Nf3 c5 2. b3 d5 3. Bb2 Nc6 4. e3 Bg4 5. Bb5 e6 6. O-O f6 7. d4 Bd6 8. dxc5 Bxc5 9. Be2 Nge7 10. c4 O-O 11. cxd5 Nxd5 12. Nc3 Nxc3 13. Bxc3 Qxd1 14. Raxd1 Rfd8 15. Rc1 Be7 16. h3 Bh5 17. Bc4 Bf7 18. Nd4 Nxd4 19. exd4 Bd6 20. Rfe1 Re8 21. Bb5 Re7 22. Bb2 a6 23. Be2 Rc7 24. Rxc7 Bxc7 25. Bf3 Rb8 26. d5 exd5 27. Re7 Bd8 28. Rd7 Be6 29. Rd6 Kf7 30. Bxd5 Be7 31. Rxe6 1-0


[Site "https://www.chess.com"]

[Event "Titled Tuesday Blitz July 25 Late 2023"]
[White "Mortazavi, Ali"]
[Black "Hercegovac, Neven"]
[WhiteFideId "401323"]
[BlackFideId "2839135"]
[WhiteElo "2502"]
[BlackElo "2318"]
[Result "1/2-1/2"]
[Round "2"]
[TimeControl "180+2"]
[Date "2023.07.25"]
[WhiteClock "0:01:14"]
[BlackClock "0:01:02"]
[Board "154"]

1. Nf3 b6 2. g3 Bb7 3. Bg2 Nf6 4. O-O e6 5. d3 Be7 6. e4 d6 7. a4 a6 8. Nc3 Nbd7 9. Re1 c5 10. e5 dxe5 11. Nxe5 Bxg2 12. Kxg2 Nxe5 13. Rxe5 O-O 14. Qf3 h6 15. h4 Qc7 16. Re1 Rac8 17. Bf4 Qc6 18. b3 Rfd8 19. Re2 Qxf3+ 20. Kxf3 Nd5 21. Nxd5 Rxd5 22. Rae1 h5 23. Be5 g6 24. Bb2 Bf8 25. Re5 Rcd8 26. Rxd5 Rxd5 27. Re5 Rd7 28. Re2 Bg7 29. Bxg7 Kxg7 30. Re4 Kf6 31. Ke3 e5 32. b4 Rd4 33. bxc5 bxc5 34. c3 Rxe4+ 35. dxe4 c4 36. f4 a5 37. Kf3 Ke6 38. Ke3 Kf6 39. Kf3 Ke6 40. Ke3 Kf6 1/2-1/2


[Site "https://www.chess.com"]

[Event "Titled Tuesday Blitz July 25 Late 2023"]
[White "Vifleemskaia, Svetlana"]
[Black "JERO-8914"]
[WhiteFideId "4129490"]
[WhiteElo "2317"]
[BlackElo "2500"]
[Result "0-1"]
[Round "2"]
[TimeControl "180+2"]
[Date "2023.07.25"]
[WhiteClock "0:00:00"]
[BlackClock "0:01:53"]
[Board "155"]

1. d4 Nf6 2. c4 e6 3. Nc3 d5 4. cxd5 Nxd5 5. e4 Nxc3 6. bxc3 c5 7. Rb1 Be7 8. Nf3 O-O 9. Bd3 b6 10. O-O Bb7 11. Re1 Nd7 12. a4 Rc8 13. h4 Bxh4 14. g3 Be7 15. Kg2 f5 16. exf5 exf5 17. Bc4+ Kh8 18. Be6 cxd4 19. cxd4 Rc3 20. Be3 Nf6 21. Rb3 Rxb3 22. Qxb3 Nd5 23. Kg1 Nc7 24. Bf4 Nxe6 25. Rxe6 Bd5 26. Qe3 Bxe6 27. Qxe6 Bf6 28. d5 Qc8 29. Qe3 Re8 30. Qd3 Qd7 31. d6 h6 32. Nd4 Bxd4 33. Qxd4 Re1+ 34. Kg2 Qc6+ 35. f3 Qc2+ 0-1


[Site "https://www.chess.com"]

[Event "Titled Tuesday Blitz July 25 Late 2023"]
[White "Besedes, Danilo"]
[Black "Biliy, Vadim"]
[WhiteFideId "946796"]
[BlackFideId "14114127"]
[WhiteElo "2500"]
[BlackElo "2311"]
[Result "1-0"]
[Round "2"]
[TimeControl "180+2"]
[Date "2023.07.25"]
[WhiteClock "0:00:21"]
[BlackClock "0:00:00"]
[Board "156"]

1. b4 e5 2. Bb2 d6 3. c4 f5 4. e3 Nf6 5. d4 e4 6. Ne2 Be7 7. Nf4 O-O 8. Nc3 c6 9. d5 Na6 10. a3 Nc7 11. h4 Qe8 12. Be2 Kh8 13. h5 Ng8 14. Nxe4 Nh6 15. Nd2 Bf6 16. Qc2 Bxb2 17. Qxb2 cxd5 18. cxd5 Bd7 19. Rc1 Rc8 20. Nf3 Bb5 21. Bxb5 Qxb5 22. Nd4 Qa6 23. Rxc7 Rxc7 24. Nde6 Rff7 25. Nxc7 Rxc7 26. Ne6 Re7 27. Qc3 Qb5 28. Nf4 Kg8 29. f3 Kf7 30. Kf2 Ng8 31. Ne6 Nf6 32. h6 g6 33. Nf4 g5 34. Nh5 Ne8 35. Qd3 Re5 36. Rd1 Nc7 37. e4 fxe4 38. fxe4 1-0


[Site "https://www.chess.com"]

[Event "Titled Tuesday Blitz July 25 Late 2023"]
[White "Zanette, Edgard Vinicius"]
[Black "Molenda, Marcin"]
[WhiteFideId "2109263"]
[BlackFideId "1173065"]
[WhiteElo "2310"]
[BlackElo "2500"]
[Result "0-1"]
[Round "2"]
[TimeControl "180+2"]
[Date "2023.07.25"]
[WhiteClock "0:00:14"]
[BlackClock "0:01:15"]
[Board "157"]

1. e4 c6 2. d4 d5 3. f3 g6 4. Be3 Bg7 5. Nc3 dxe4 6. fxe4 Qb6 7. Rb1 e5 8. Nf3 Bg4 9. Bc4 exd4 10. Bxd4 Bxd4 11. Qxd4 Qxd4 12. Nxd4 Ne7 13. O-O O-O 14. h3 Bc8 15. Rf4 Nd7 16. a4 Ne5 17. Bb3 Bd7 18. Rbf1 Rad8 19. Nf3 Nxf3+ 20. R1xf3 Be6 21. Bxe6 fxe6 22. Rxf8+ Rxf8 23. Kf2 e5 24. Ke3 Nc8 25. Nd1 Rxf3+ 26. gxf3 Kf7 27. Nf2 Ke6 28. Nd3 b6 29. f4 exf4+ 30. Nxf4+ Ke5 31. Nd3+ Kf6 32. h4 Ne7 33. Kf4 h6 34. Nf2 g5+ 35. hxg5+ hxg5+ 36. Ke3 Ng6 37. Ng4+ Ke6 38. Kd4 c5+ 39. Kc4 Ne5+ 40. Nxe5 Kxe5 41. Kd3 Kf4 0-1


[Site "https://www.chess.com"]

[Event "Titled Tuesday Blitz July 25 Late 2023"]
[White "Liu, Casper"]
[Black "Kukavica, Tony"]
[WhiteFideId "1454153"]
[BlackFideId "2062542"]
[WhiteElo "2498"]
[BlackElo "2309"]
[Result "0-1"]
[Round "2"]
[TimeControl "180+2"]
[Date "2023.07.25"]
[WhiteClock "0:00:37"]
[BlackClock "0:00:11"]
[Board "158"]

1. e4 c5 2. d4 cxd4 3. Qxd4 Nc6 4. Qe3 g6 5. Nc3 Bg7 6. Bd2 a6 7. O-O-O e6 8. h4 h5 9. Nh3 Qc7 10. Ng5 Nge7 11. Be2 b5 12. f4 b4 13. Na4 Qa5 14. b3 Bb7 15. a3 Rc8 16. Kb1 Nd4 17. Bxb4 Qc7 18. Bc4 Nec6 19. Bc5 Nb5 20. e5 Qa5 21. Bb6 Nxa3+ 22. Ka2 Nxc4 23. Bxa5 Nxe3 24. Rd6 Nxa5 25. Nb6 Rxc2+ 26. Ka3 Bf8 27. Kb4 Nc6+ 28. Ka3 Bxd6+ 29. exd6 O-O 30. Nxd7 Rd8 31. Nf6+ Kg7 32. Nfe4 Nd4 33. Re1 Nxg2 34. Rg1 Nxf4 35. Rg3 Nd5 36. Rf3 Rd7 37. Rf1 Nc3 38. Kb4 Nxe4 39. Nxe4 Bxe4 40. Ka5 Rc6 41. b4 Rcxd6 42. Re1 Nc6+ 43. Kb6 Bd3 44. Kc5 Bb5 45. Kb6 Nxb4+ 46. Ka5 Nc6+ 47. Kb6 Ne5+ 48. Ka5 Rd5 49. Kb4 Nd3+ 50. Ka5 Nxe1 51. Kb6 a5 52. Kxa5 Bc4+ 53. Kb6 Rb5+ 54. Ka6 Rd1 0-1


[Site "https://www.chess.com"]

[Event "Titled Tuesday Blitz July 25 Late 2023"]
[White "AndresDelgado77"]
[Black "Taboas Rodriguez, Daniel"]
[BlackFideId "2208466"]
[WhiteElo "2308"]
[BlackElo "2497"]
[Result "0-1"]
[Round "2"]
[TimeControl "180+2"]
[Date "2023.07.25"]
[WhiteClock "0:00:00"]
[BlackClock "0:00:42"]
[Board "159"]

1. e4 e5 2. Nf3 Nc6 3. d4 exd4 4. Nxd4 Nf6 5. e5 Nxe5 6. Qe2 Qe7 7. Bg5 d6 8. Nc3 Ned7 9. Ndb5 Qxe2+ 10. Bxe2 Kd8 11. O-O-O Be7 12. Rhe1 a6 13. Nd4 h6 14. Bh4 Ne5 15. f4 Neg4 16. Bc4 Nxh2 17. Bxf7 Nhg4 18. Be6 Bd7 19. Nf5 Bf8 20. Nd5 Bxe6 21. Rxe6 Kd7 22. Re2 Nxd5 23. Rxd5 g6 24. Ne3 Re8 25. Kd2 Nxe3 26. Rxe3 Rxe3 27. Kxe3 Be7 28. Bxe7 Kxe7 29. g4 Kf6 30. c4 Re8+ 31. Kf3 Re1 32. Rd2 Rf1+ 33. Kg3 Rg1+ 34. Kf3 Rc1 35. b3 Rc3+ 36. Kf2 b5 37. cxb5 axb5 38. Rd5 b4 39. Rd4 Rc2+ 40. Kf3 Rxa2 41. Rxb4 Rc2 42. Rb7 Rc3+ 43. Ke4 Ke6 44. b4 d5+ 45. Kd4 Rc4+ 46. Ke3 h5 47. gxh5 gxh5 48. b5 Kf5 49. Rb8 Re4+ 50. Kd3 Rxf4 51. Rh8 h4 52. Rh7 Rc4 53. Ke3 Ke5 54. Rh5+ Kd6 0-1


[Site "https://www.chess.com"]

[Event "Titled Tuesday Blitz July 25 Late 2023"]
[White "SicilianPanzer"]
[Black "Toniutti, Ezio"]
[BlackFideId "113034"]
[WhiteElo "2307"]
[BlackElo "2497"]
[Result "0-1"]
[Round "2"]
[TimeControl "180+2"]
[Date "2023.07.25"]
[WhiteClock "0:00:31"]
[BlackClock "0:01:19"]
[Board "160"]

1. e4 e5 2. Nc3 Nf6 3. Bc4 Nc6 4. d3 Na5 5. f4 Nxc4 6. dxc4 Bb4 7. fxe5 Nxe4 8. Qg4 Nxc3 9. Bd2 d6 10. Qxg7 Qh4+ 11. g3 Qe4+ 12. Kf1 Bh3+ 13. Nxh3 Qe2+ 0-1


[Site "https://www.chess.com"]

[Event "Titled Tuesday Blitz July 25 Late 2023"]
[White "Plotkin, Victor"]
[Black "Tsyhanchuk, Stanislav"]
[WhiteFideId "2606674"]
[BlackFideId "13505130"]
[WhiteElo "2496"]
[BlackElo "2306"]
[Result "1-0"]
[Round "2"]
[TimeControl "180+2"]
[Date "2023.07.25"]
[WhiteClock "0:01:54"]
[BlackClock "0:01:22"]
[Board "161"]

1. e4 c5 2. c3 e6 3. d4 d5 4. exd5 exd5 5. Nf3 Nc6 6. Bb5 Nf6 7. O-O Bd6 8. Re1+ Be6 9. dxc5 Bxc5 10. Nbd2 O-O 11. Nb3 Bb6 12. h3 a6 13. Bd3 h6 14. Nbd4 Nxd4 15. Nxd4 Bxd4 16. cxd4 Rc8 17. Bf4 Qb6 18. Qd2 Ne4 19. Bxe4 dxe4 20. Rxe4 Bf5 21. Re5 Rc2 22. Qe3 Qxb2 23. Rd1 Bg6 24. d5 Rc3 25. Qd4 Qc2 26. d6 Rd3 27. Rxd3 Qxd3 28. Qxd3 Bxd3 29. d7 Bb5 30. Rxb5 axb5 31. Bc7 f5 32. d8=Q Rxd8 33. Bxd8 Kf7 34. Kf1 Ke6 35. Ke2 Kd5 36. Kd3 g6 37. Ba5 h5 38. f4 Kc5 39. a3 Kd5 40. Bb4 h4 41. Be1 Kc5 42. Bxh4 b4 43. Be7+ Kb5 44. axb4 1-0


[Site "https://www.chess.com"]

[Event "Titled Tuesday Blitz July 25 Late 2023"]
[White "Gireman, Ja"]
[Black "Wang, Alexander J"]
[WhiteFideId "5043794"]
[BlackFideId "30955270"]
[WhiteElo "2491"]
[BlackElo "2297"]
[Result "1-0"]
[Round "2"]
[TimeControl "180+2"]
[Date "2023.07.25"]
[WhiteClock "0:01:41"]
[BlackClock "0:00:32"]
[Board "162"]

1. e4 c5 2. Nf3 d6 3. d4 cxd4 4. Nxd4 Nf6 5. Nc3 g6 6. f4 Nc6 7. Nxc6 bxc6 8. e5 Nd7 9. exd6 exd6 10. Qd4 Qf6 11. Be3 Bg7 12. O-O-O Qxd4 13. Bxd4 Bxd4 14. Rxd4 d5 15. h4 h5 16. f5 O-O 17. fxg6 fxg6 18. g4 Ne5 19. gxh5 gxh5 20. b4 Bg4 21. b5 Nf3 22. Ra4 d4 23. Ne4 cxb5 24. Bxb5 Rab8 25. Bc4+ Kg7 26. Rxa7+ Kh6 27. Ra6+ Kg7 28. Ng5 Nxg5 29. hxg5 Rb4 30. Bd3 Rfb8 31. Kd2 Rf8 32. g6 Rf2+ 33. Kc1 Bf3 34. Ra7+ Kh6 35. Rh7+ Kg5 36. Rg1+ Bg4 37. g7 Rb8 38. Rh8 1-0


[Site "https://www.chess.com"]

[Event "Titled Tuesday Blitz July 25 Late 2023"]
[White "Bullen, Alex"]
[Black "Yeritsyan, Hayk"]
[WhiteFideId "1801627"]
[BlackFideId "13307320"]
[WhiteElo "2294"]
[BlackElo "2489"]
[Result "1-0"]
[Round "2"]
[TimeControl "180+2"]
[Date "2023.07.25"]
[WhiteClock "0:00:29"]
[BlackClock "0:00:15"]
[Board "163"]

1. e3 d5 2. c4 c6 3. Nf3 Nf6 4. d4 e6 5. b3 Bd6 6. Bb2 Nbd7 7. Bd3 Qe7 8. O-O e5 9. dxe5 Nxe5 10. cxd5 Nxf3+ 11. Qxf3 Bg4 12. Bxf6 Qd7 13. dxc6 bxc6 14. Qe4+ Be6 15. Bb2 Kf8 16. Nd2 Rd8 17. Nf3 Bd5 18. Qd4 f6 19. Be4 Be6 20. Rfd1 Qe7 21. Qc3 Kf7 22. Nd4 Be5 23. Qxc6 Rd6 24. Qb7 Rd7 25. Qa6 Rd6 26. Qe2 Bd7 27. Ba3 Bxd4 28. Bxd6 Qxe4 29. Rxd4 Qe6 30. Qc4 Rc8 31. Qxe6+ Bxe6 32. h3 g5 33. b4 h5 34. Bc5 Kg6 35. Bxa7 g4 36. hxg4 hxg4 37. Bc5 Ra8 38. a4 Bb3 39. a5 Be6 40. Rad1 Bb3 41. Rxg4+ Kf5 42. Rgd4 Bxd1 43. Rxd1 Kg4 44. Bb6 f5 45. b5 f4 46. exf4 Rf8 47. a6 Rf7 48. a7 Rf8 49. Rd8 Rf6 50. a8=Q Rg6 51. f3+ Kg3 52. Bf2+ Kxf4 53. Qe4+ Kg5 54. Rd5+ Kh6 55. Qh4+ Kg7 56. Rd7+ Kf8 57. Qd8# 1-0


[Site "https://www.chess.com"]

[Event "Titled Tuesday Blitz July 25 Late 2023"]
[White "Ramadoss, Ashokkumar"]
[Black "whiteglovethief"]
[WhiteFideId "5040990"]
[WhiteElo "2289"]
[BlackElo "2488"]
[Result "0-1"]
[Round "2"]
[TimeControl "180+2"]
[Date "2023.07.25"]
[WhiteClock "0:00:13"]
[BlackClock "0:00:14"]
[Board "164"]

1. Nf3 Nf6 2. c4 e6 3. d4 d5 4. Nc3 h6 5. cxd5 exd5 6. Bf4 Bd6 7. Bg3 O-O 8. e3 c6 9. Qc2 a5 10. Bd3 Bg4 11. Ne5 Bxe5 12. Bxe5 Nfd7 13. Bg3 Na6 14. a3 Nc7 15. O-O Ne6 16. b4 Rc8 17. Na4 b5 18. Nc5 Nb6 19. bxa5 Nc4 20. Nb7 Qd7 21. a6 Ra8 22. h3 Bh5 23. Bf5 Bg6 24. Bxg6 fxg6 25. Qxg6 Rxa6 26. Nc5 Nxc5 27. dxc5 Rf6 28. Qd3 Qf5 29. Qc3 Rf7 30. f3 Qg5 31. Bf4 Qe7 32. Qd4 Rxa3 33. Rxa3 Nxa3 34. Bd6 Qf6 35. Be5 Qg6 36. e4 dxe4 37. fxe4 Rxf1+ 38. Kxf1 Nc4 39. Bd6 Qf6+ 40. Qxf6 gxf6 41. Ke2 Kf7 42. g4 Nxd6 43. cxd6 Ke6 0-1


[Site "https://www.chess.com"]

[Event "Titled Tuesday Blitz July 25 Late 2023"]
[White "Roberson, Peter T"]
[Black "UgarteCesar"]
[WhiteFideId "412384"]
[WhiteElo "2487"]
[BlackElo "2287"]
[Result "1-0"]
[Round "2"]
[TimeControl "180+2"]
[Date "2023.07.25"]
[WhiteClock "0:02:13"]
[BlackClock "0:02:01"]
[Board "165"]

1. c4 e6 2. d4 d5 3. Nc3 h6 4. Bf4 Bd6 5. Bg3 Nf6 6. e3 a6 7. Nf3 O-O 8. cxd5 exd5 9. Bd3 Re8 10. O-O c6 11. Ne5 Qe7 12. f4 Nfd7 13. Qf3 Nf8 14. Rae1 f6 15. Ng4 Be6 16. f5 Bf7 17. e4 Bxg3 18. Qxg3 dxe4 19. Rxe4 Qd8 20. Nxh6+ Kh7 21. Nxf7 1-0


[Site "https://www.chess.com"]

[Event "Titled Tuesday Blitz July 25 Late 2023"]
[White "Coelho, Ramyres Santana"]
[Black "Khater, Sherif"]
[WhiteFideId "2120690"]
[BlackFideId "2034280"]
[WhiteElo "2282"]
[BlackElo "2484"]
[Result "1/2-1/2"]
[Round "2"]
[TimeControl "180+2"]
[Date "2023.07.25"]
[WhiteClock "0:01:21"]
[BlackClock "0:02:24"]
[Board "166"]

1. e4 b6 2. Bc4 Bb7 3. Qf3 e6 4. d3 Nf6 5. Nc3 d5 6. exd5 Nxd5 7. Nxd5 Bxd5 8. Bxd5 Qxd5 9. Qxd5 exd5 10. Nf3 Bd6 11. O-O O-O 12. Re1 Nd7 13. Bg5 Rfe8 14. Rxe8+ Rxe8 15. Re1 Rxe1+ 16. Nxe1 f6 17. Bh4 Kf7 18. Bg3 Ke6 19. Bxd6 Kxd6 20. d4 c5 21. c3 Kc6 22. Kf1 Kb5 23. dxc5 bxc5 24. Ke2 a5 25. Kd3 Ne5+ 26. Kc2 a4 27. h3 g5 28. Nd3 Nxd3 29. Kxd3 f5 30. g3 h5 31. f4 gxf4 32. gxf4 h4 33. c4+ Kc6 34. Kc3 d4+ 35. Kd3 Kb6 36. a3 Kc6 37. Kc2 Kc7 38. Kd3 Kb7 39. Kc2 Ka7 40. Kd3 Ka6 41. Kc2 Ka5 42. Kd3 Ka6 43. Kc2 Ka7 44. Kd3 Ka8 45. Kc2 Kb8 46. Kd3 Kc8 47. Kc2 Kd7 48. Kd3 Ke7 49. Kc2 Kf7 50. Kd3 Kf8 51. Kc2 Ke8 52. Kd3 Kd7 53. Kc2 Ke6 54. Kd3 Kf6 55. Kc2 Kg7 56. Kd3 Kg8 57. Kc2 Kh8 58. Kd3 Kg8 59. Kc2 Kf8 60. Kd3 Ke8 61. Kc2 Kd8 62. Kd3 Kc8 63. Kc2 Kb8 64. Kd3 Ka8 65. Kc2 Ka7 1/2-1/2


[Site "https://www.chess.com"]

[Event "Titled Tuesday Blitz July 25 Late 2023"]
[White "Ankerst, Mihael"]
[Black "Rohde, Michael"]
[WhiteFideId "14602369"]
[BlackFideId "2000172"]
[WhiteElo "2280"]
[BlackElo "2482"]
[Result "1-0"]
[Round "2"]
[TimeControl "180+2"]
[Date "2023.07.25"]
[WhiteClock "0:00:22"]
[BlackClock "0:00:10"]
[Board "167"]

1. e4 c5 2. Nf3 e6 3. d4 cxd4 4. Nxd4 Nc6 5. Nxc6 bxc6 6. Nd2 d5 7. Bd3 Nf6 8. O-O Be7 9. c4 O-O 10. Qc2 Bb7 11. e5 Nd7 12. Bxh7+ Kh8 13. Nf3 Ba6 14. Bd3 Nc5 15. Be2 Ne4 16. Be3 f5 17. exf6 Bxf6 18. Bd3 Nd6 19. cxd5 Bxd3 20. Qxd3 cxd5 21. Bd4 Ne4 22. Rae1 Rb8 23. b3 Qd6 24. Bxf6 Nxf6 25. Ne5 Kg8 26. Re2 Rb4 27. Rfe1 Rf4 28. Ng6 Ng4 29. Rxe6 Nxf2 30. Rxd6 Nxd3 31. Nxf4 Nxe1 32. Nxd5 Nc2 33. Rd7 a5 34. h3 Kh7 35. Ra7 Nb4 36. Ne7 Nxa2 37. Rxa5 Nc3 38. Rh5# 1-0


[Site "https://www.chess.com"]

[Event "Titled Tuesday Blitz July 25 Late 2023"]
[White "EdmundPlayer"]
[Black "Alboredo, Julia"]
[BlackFideId "2124807"]
[WhiteElo "2280"]
[BlackElo "2482"]
[Result "0-1"]
[Round "2"]
[TimeControl "180+2"]
[Date "2023.07.25"]
[WhiteClock "0:00:18"]
[BlackClock "0:00:21"]
[Board "168"]

1. e4 c5 2. Nf3 d6 3. d4 cxd4 4. Nxd4 Nf6 5. Nc3 g6 6. Be3 Nc6 7. f3 h5 8. Bb5 Bd7 9. Qd2 Bg7 10. O-O-O O-O 11. Nce2 Rc8 12. Kb1 Ne5 13. Bd3 Nc4 14. Bxc4 Rxc4 15. Bh6 b5 16. Bxg7 Kxg7 17. Rhe1 Qb6 18. Nc1 Rfc8 19. Re2 a5 20. Qe3 Qc7 21. Nd3 e5 22. Nb3 Rxc2 23. Nbc1 Be6 24. Rdd2 Rxd2 25. Rxd2 Nd7 26. Ne2 Nc5 27. Rc2 Qe7 28. Ne1 b4 29. h3 b3 30. axb3 Qb7 31. Rc3 Nxb3 32. Rxc8 Qxc8 33. Qc3 Qb7 34. Nc2 Nc5 35. Ne3 Na4 36. Qc2 Qb4 37. Nc3 Nxc3+ 38. Qxc3 Qxc3 39. bxc3 a4 40. Kb2 h4 41. Ka3 Bd7 42. Kb4 Kf8 43. Nd5 Bc6 44. Nb6 a3 45. Na4 Bxa4 46. Kxa3 Bb5 47. Kb4 Bf1 48. c4 Ke7 49. c5 Bxg2 50. cxd6+ Kxd6 51. Kc3 Bxf3 52. Kd2 Bg2 53. Ke3 Bxh3 54. Kf2 Be6 55. Ke3 f5 56. Kf3 fxe4+ 57. Kg2 Bf5 58. Kf2 Kd5 59. Ke3 Kc4 60. Kf2 Kd3 61. Kg2 e3 62. Kf1 e2+ 63. Ke1 h3 64. Kf2 Kd2 65. Kf3 e4+ 66. Kf4 e1=Q 67. Kg5 Qg3+ 68. Kf6 Qd6+ 69. Kg7 g5 70. Kh8 Qe7 71. Kg8 e3 72. Kh8 Qh7# 0-1


[Site "https://www.chess.com"]

[Event "Titled Tuesday Blitz July 25 Late 2023"]
[White "marik_spb"]
[Black "Kaganskiy, Gleb"]
[BlackFideId "4132025"]
[WhiteElo "2482"]
[BlackElo "2279"]
[Result "0-1"]
[Round "2"]
[TimeControl "180+2"]
[Date "2023.07.25"]
[WhiteClock "0:00:00"]
[BlackClock "0:00:07"]
[Board "169"]

1. d4 d5 2. c4 e6 3. Nf3 Nf6 4. g3 Be7 5. Bg2 O-O 6. O-O dxc4 7. Ne5 Nc6 8. Nxc6 bxc6 9. Bxc6 Rb8 10. Nc3 Bb7 11. Bxb7 Rxb7 12. e4 c5 13. d5 exd5 14. exd5 Ne8 15. Qe2 Nd6 16. Bf4 Qb6 17. Rab1 Qb4 18. Rfe1 Nf5 19. Qe5 Nd4 20. Kg2 Bf6 21. Qd6 Nf5 22. Qc6 Rb6 23. Qd7 g6 24. a3 Qb3 25. Ne4 Bg7 26. Nxc5 Qc2 27. Rec1 Qe2 28. Na4 Rb3 29. Qc6 Qf3+ 30. Kg1 Bd4 31. Rc2 Nh4 32. gxh4 Qxf4 33. Qxc4 Qg4+ 34. Kf1 Qh3+ 35. Ke1 Re8+ 36. Re2 Rxe2+ 37. Qxe2 Qxh2 0-1


[Site "https://www.chess.com"]

[Event "Titled Tuesday Blitz July 25 Late 2023"]
[White "Schut, Han"]
[Black "slidingknight2775"]
[WhiteFideId "1005561"]
[WhiteElo "2269"]
[BlackElo "2481"]
[Result "1/2-1/2"]
[Round "2"]
[TimeControl "180+2"]
[Date "2023.07.25"]
[WhiteClock "0:00:53"]
[BlackClock "0:00:24"]
[Board "170"]

1. e4 c6 2. d4 d5 3. exd5 cxd5 4. c4 e6 5. Nc3 Nf6 6. Nf3 Bb4 7. cxd5 Nxd5 8. Qc2 Nc6 9. a3 Be7 10. Bd3 Nf6 11. Be3 Bd7 12. Rd1 Rc8 13. h3 Na5 14. Qe2 Bc6 15. Ne5 Bd5 16. Nxd5 Nxd5 17. Bd2 Nc6 18. Nxc6 bxc6 19. O-O O-O 20. Qe4 g6 21. Bh6 Re8 1/2-1/2


[Site "https://www.chess.com"]

[Event "Titled Tuesday Blitz July 25 Late 2023"]
[White "Michalczak, Thomas"]
[Black "Georg, Heinz"]
[WhiteFideId "4622634"]
[BlackFideId "4607295"]
[WhiteElo "2479"]
[BlackElo "2269"]
[Result "1-0"]
[Round "2"]
[TimeControl "180+2"]
[Date "2023.07.25"]
[WhiteClock "0:00:56"]
[BlackClock "0:00:12"]
[Board "171"]

1. e4 c5 2. c3 d5 3. exd5 Nf6 4. Nf3 Nxd5 5. Na3 Nc6 6. Bc4 Nb6 7. Be2 g6 8. d4 cxd4 9. Nb5 Bg7 10. Bf4 e5 11. Bg5 f6 12. Bh4 a6 13. Na3 dxc3 14. Qb3 cxb2 15. Rd1 Qc7 16. Bb5 Bd7 17. O-O O-O-O 18. Qxb2 axb5 19. Nxb5 Nc4 20. Qc3 Qa5 21. Qxc4 Kb8 22. Nd6 Rhf8 23. Rb1 Bc8 24. Qxc6 1-0


[Site "https://www.chess.com"]

[Event "Titled Tuesday Blitz July 25 Late 2023"]
[White "Vafin, Ayrat"]
[Black "Papayan, Oleg"]
[WhiteFideId "4146530"]
[BlackFideId "4193911"]
[WhiteElo "2269"]
[BlackElo "2478"]
[Result "0-1"]
[Round "2"]
[TimeControl "180+2"]
[Date "2023.07.25"]
[WhiteClock "0:00:59"]
[BlackClock "0:01:29"]
[Board "172"]

1. d4 d5 2. Bf4 Nf6 3. e3 c5 4. c3 Nc6 5. Nd2 Bf5 6. Qb3 Qd7 7. h3 e6 8. Be2 c4 9. Qd1 Bd6 10. Bxd6 Qxd6 11. f4 O-O 12. Ngf3 b5 13. Ne5 a5 14. a3 b4 15. axb4 axb4 16. O-O bxc3 17. bxc3 Ne4 18. Nxe4 Bxe4 19. Nxc6 Qxc6 20. Bf3 Bd3 21. Be2 Rxa1 22. Qxa1 Bxe2 23. Re1 Bd3 24. Rd1 Ra8 25. Qb2 h5 26. Qf2 Qa4 27. Rd2 Qa1+ 28. Kh2 Qxc3 29. Rd1 Be4 30. Rg1 Qd3 31. Qf1 Qxf1 32. Rxf1 Ra2 33. Rc1 Rxg2+ 34. Kh1 Rc2+ 35. Kg1 Rxc1+ 36. Kf2 c3 37. Ke2 c2 38. Kd2 Rd1+ 39. Ke2 c1=Q 40. Kf2 Qd2+ 41. Kg3 Qg2+ 42. Kh4 Qf2+ 43. Kg5 f6+ 44. Kxh5 Bf3+ 45. Kg6 Rg1# 0-1


[Site "https://www.chess.com"]

[Event "Titled Tuesday Blitz July 25 Late 2023"]
[White "Clawitter, Craig"]
[Black "Spichkin, Alexander"]
[WhiteFideId "2023105"]
[BlackFideId "4144074"]
[WhiteElo "2268"]
[BlackElo "2477"]
[Result "1-0"]
[Round "2"]
[TimeControl "180+2"]
[Date "2023.07.25"]
[WhiteClock "0:02:33"]
[BlackClock "0:02:24"]
[Board "173"]

1. e4 e5 2. Nc3 Bb4 3. Nd5 Bc5 4. Nf3 c6 5. Ne3 Nf6 6. Nxe5 Nxe4 7. d4 Bd6 8. Qg4 Nf6 9. Qxg7 Bxe5 10. Qxh8+ Ke7 11. Qxd8+ Kxd8 12. dxe5 Ne4 13. Bd3 1-0


[Site "https://www.chess.com"]